Map: Ruins of Endion

Players

GroSC - Winner!

  • Race: Terran Terran
  • League: Diamond

blackxored

  • Race: Zerg Zerg
  • League: Diamond

VOD

Have the link to the VOD?

Description

Time

  • Played on: June 30, 2016, 9:42 a.m.
  • Length: 11:12
Show
View Real Time Build Order
Export as new Build Order

GroSC Terran - Winner!

Build Orders: Reaper Expand, MMM Bio 

Get SALT Encoding   

  12  0:00  SCV  
  13  0:13  SCV  
  14  0:18  Supply Depot  
  14  0:25  SCV  
  15  0:39  SCV  
  15  0:41  Barracks  
  16  0:46  Refinery  
  16  0:52  SCV  
  17  1:04  SCV  
  18  1:16  SCV  
  19  1:30  Reaper  
  19  1:31  Orbital Command  
  20  1:44  Command Center  
  20  1:56  Supply Depot  
  20  1:57  SCV  
  21  2:02  Marine  
  22  2:09  SCV  
  22  2:11  Factory  
  23  2:17  Refinery  
  23  2:21  SCV  
  24  2:24  Barracks Reactor  
  24  2:40  SCV  
  25  2:52  SCV  
  25  2:56  Starport  
  26  2:59  Orbital Command  
  26  3:04  SCV  
  27  3:13  Barracks  
  27  3:16  Marine  
  27  3:17  Marine, SCV  
  27  3:19  Factory Tech Lab  
  30  3:26  SCV  
  31  3:29  SCV  
  31  3:30  Supply Depot  
  32  3:34  Starport Reactor, Marine x2  
  32  3:38  SCV  
  32  3:39  Siege Tank  
  38  3:45  SCV  
  39  3:50  SCV  
  39  3:52  Marine x2  
  39  3:54  Supply Depot  
  42  3:59  SCV  
  43  4:06  Barracks Tech Lab  
  43  4:08  SCV  
  44  4:11  SCV  
  44  4:13  Command Center  
  45  4:20  SCV  
  45  4:21  Marine x2  
  45  4:22  Supply Depot  
  45  4:23  SCV  
  49  4:25  Marine  
  49  4:28  Stimpack  
  50  4:32  Medivac x2  
  50  4:34  SCV  
  55  4:38  SCV  
  55  4:43  Marine x2  
  55  4:44  Marine  
  59  4:46  SCV  
  59  4:49  Supply Depot  
  60  4:54  Engineering Bay  
  60  4:55  Engineering Bay  
  60  4:57  SCV  
  60  4:58  SCV  
  62  5:01  Marine  
  62  5:02  Marine x2  
  65  5:13  SCV x2  
  67  5:14  Supply Depot  
  67  5:15  Refinery  
  67  5:16  Refinery  
  67  5:21  Barracks  
  67  5:23  Barracks  
  67  5:26  Terran Infantry Weapons Level 1, Terran Infantry Armor Level 1  
  67  5:33  Marine, SCV x2  
  67  5:34  Marauder  
  72  5:45  SCV  
  72  5:46  SCV  
  72  5:47  Medivac x2  
  72  5:48  Marine  
  76  5:57  SCV  
  77  6:06  Barracks  
  77  6:07  SCV  
  77  6:09  SCV  
  79  6:14  Missile Turret  
  79  6:15  Barracks, Missile Turret  
  79  6:20  Supply Depot  
  79  6:23  Barracks Tech Lab, Missile Turret  
  79  6:24  Barracks Reactor  
  79  6:26  Marine x2  
  79  6:27  Widow Mine  
  79  6:29  SCV  
  84  6:33  Orbital Command  
  84  6:43  Marine  
  84  6:44  Marine x2, Marauder  
  86  6:56  Supply Depot  
  86  6:59  SCV x3  
  89  7:08  Marine x2, Marauder  
  91  7:09  Marine, Marauder  
  91  7:11  SCV x3  
  99  7:19  Marine x2  
  99  7:20  Marine  
  102  7:23  SCV x2  
  102  7:26  Marine  
  107  7:30  Marauder x2  
  107  7:31  Marine  
  107  7:32  Marine, Medivac, Widow Mine  
  107  7:35  Combat Shields  
  115  7:37  Marine x2, Armory  
  117  7:49  Marine  
  117  7:54  Supply Depot  
  117  7:56  Supply Depot  
  117  7:58  Supply Depot  
  117  8:15  Marine x4, Medivac  
  117  8:16  Marauder  
  117  8:17  Marine x2, Widow Mine  
  117  8:18  Marauder  
  127  8:33  Marine x3  
  127  8:37  Marauder  
  127  8:39  Marauder  
  127  8:40  Marine x3, SCV x3  
  136  8:48  Supply Depot, Terran Infantry Armor Level 2, Terran Infantry Weapons Level 2  
  136  8:51  Marine  
  136  8:52  SCV x3  
  140  8:57  Supply Depot  
  140  8:59  Supply Depot  
  140  9:00  Supply Depot  
  140  9:03  Supply Depot  
  140  9:04  Barracks Reactor x2, SCV  
  140  9:06  Barracks  
  141  9:10  Marauder x2, Barracks, SCV x2  
  141  9:11  Marine x2  
  141  9:14  Concussive Shells  
  149  9:18  Marine x2, SCV  
  149  9:21  Medivac x2  
  149  9:22  SCV  
  149  9:23  Supply Depot  
  157  9:28  Marine  
  157  9:29  Marine  
  159  9:32  Marauder  
  159  9:36  SCV x3  
  159  9:38  Missile Turret  
  164  9:41  Marine x5, Marauder  
  164  9:42  Marine, Command Center  
  164  9:44  Liberator x2  
  172  9:46  Marine  
  159  10:00  Marine x6, Marauder  
  159  10:01  Marine  
  159  10:03  Marauder  
  175  10:21  Marauder  
  158  10:33  Marine x3  
  158  10:34  Marine x7, Marauder  
  162  10:42  Marine  
  169  10:51  Marine x3  
  169  10:52  Marine x7  
Show
View Real Time Build Order
Export as new Build Order

blackxored Zerg 

Build Orders: Hatch First, Muta Ling Bane 

Get SALT Encoding   

  12  0:01  Drone  
  13  0:08  Drone  
  14  0:19  Overlord  
  14  0:24  Extractor, Drone  
  15  0:38  Drone x2  
  17  0:55  Hatchery  
  17  0:56  Drone  
  17  0:59  Drone  
  18  1:11  Extractor  
  17  1:15  Spawning Pool  
  17  1:17  Drone  
  17  1:20  Drone  
  18  1:27  Drone  
  19  1:38  Overlord  
  19  1:49  Drone  
  20  2:02  Queen  
  20  2:04  Zergling x2  
  20  2:07  Queen  
  25  2:18  Zergling x2, Hatchery  
  25  2:21  Zergling x2  
  26  2:27  Metabolic Boost  
  25  2:42  Queen  
  26  2:59  Drone  
  26  3:00  Drone x5  
  26  3:03  Pneumatized Carapace  
  32  3:12  Drone x2  
  34  3:13  Drone  
  34  3:19  Overlord  
  35  3:28  Overlord  
  35  3:35  Zergling x6  
  35  3:36  Drone x2  
  40  3:45  Drone  
  40  3:46  Drone x2  
  43  4:00  Queen x2  
  43  4:01  Drone x2  
  43  4:02  Drone  
  50  4:16  Queen  
  52  4:18  Overlord x2  
  52  4:24  Baneling Nest  
  52  4:31  Zergling x12  
  57  4:33  Overlord  
  57  4:55  Overlord  
  57  4:59  Drone  
  58  5:00  Drone x6  
  58  5:01  Drone x3  
  67  5:12  Lair  
  67  5:14  Baneling x5  
  67  5:20  Drone x7  
  74  5:30  Zergling x2  
  74  5:31  Zergling x8  
  73  5:58  Drone x7  
  73  5:59  Drone x2  
  73  6:03  Extractor  
  81  6:05  Extractor  
  81  6:08  Zergling x8  
  84  6:12  Baneling x4  
  84  6:13  Baneling  
  84  6:14  Extractor  
  84  6:15  Extractor  
  82  6:21  Zergling x10  
  82  6:22  Extractor  
  86  6:28  Drone  
  87  6:36  Drone  
  88  6:53  Zergling x4  
  90  6:58  Queen  
  90  6:59  Drone  
  88  7:01  Overlord x4  
  88  7:06  Evolution Chamber  
  88  7:07  Spire, Evolution Chamber  
  85  7:20  Drone x3  
  85  7:21  Drone  
  85  7:22  Drone x4  
  93  7:24  Drone  
  94  7:33  Centrifical Hooks  
  94  7:34  Queen  
  96  7:42  Zergling x16  
  98  7:52  Zerg Melee Weapons Level 1, Zerg Ground Armor Level 1  
  98  7:53  Zergling x2  
  98  7:54  Zergling x4  
  101  8:00  Zergling x6  
  100  8:16  Zergling x10  
  101  8:21  Mutalisk x3  
  105  8:30  Zergling x2  
  105  8:31  Zergling x8  
  108  8:34  Mutalisk, Hatchery  
  109  8:51  Baneling x2  
  109  8:52  Baneling x7  
  109  9:00  Drone x5  
  114  9:15  Overlord x3  
  114  9:20  Infestation Pit  
  113  9:24  Overlord x2  
  113  9:25  Overlord  
  113  9:32  Queen  
  113  9:35  Zergling x16  
  113  9:36  Zergling x2  
  113  9:37  Baneling  
  113  9:38  Baneling x12  
  124  9:39  Baneling  
  124  9:48  Mutalisk x6  
  124  9:57  Zergling x8  
  124  9:59  Baneling x6  
  123  10:00  Baneling x4  
  123  10:01  Zergling x2  
  123  10:02  Zergling x8  
  128  10:11  Zergling x8  
  128  10:14  Mutalisk  
  128  10:16  Queen x3  
  133  10:24  Mutalisk x2  
  133  10:25  Mutalisk x2  
  130  10:32  Zergling x2  
  130  10:33  Zergling x4  
  120  10:37  Zergling x2  
  119  10:49  Zergling x8  
Tags
 
Add a new tag
Caveats
  • Supply blocks, unpowered buildings, or Contaminate may cause inaccurate times.
  • Supply counts are checked every 10 seconds.